 Dungeon Crawl Stone Soup version 0.26-a0-800-g517d6fe (webtiles) character file.

Game seed: 7008342350549746211

35 MrTaco21 the Cudgeller (level 3, -1/23 HPs)
             Began as a Gargoyle Fighter on Nov 11, 2020.
             Slain by Natasha (2 damage)
             ... on level 2 of the Dungeon.
             The game lasted 00:00:38 (258 turns).

MrTaco21 the Cudgeller (Gargoyle Fighter)            Turns: 258, Time: 00:00:38

Health: -1/23      AC: 10    Str: 20    XL:     3   Next: 33%
Magic:  3/3        EV:  7    Int:  8    God:
Gold:   23         SH:  9    Dex:  9    Spells: 2/2 levels left

rFire    . . .     SeeInvis .   a - +0 flail
rCold    . . .     Faith    .   c - +0 kite shield
rNeg     + . .     Spirit   .   b - +0 scale mail
rPois    ∞         Reflect  .   (no helmet)
rElec    +         Harm     .   (no cloak)
rCorr    .         Rampage  .   (no gloves)
MR       .....                  (no boots)
Stlth    ..........             (no amulet)
HPRegen  0.07/turn              (no ring)
MPRegen  0.08/turn              (no ring)

@: slowed, very slow
A: negative energy resistance 1, electricity resistance, unbreathing,
petrification resistance, rot immunity, AC +3
a: no special abilities


You were on level 2 of the Dungeon.
You visited 1 branch of the dungeon, and saw 2 of its levels.

You collected 23 gold pieces.

Inventory:

Hand Weapons
 a - a +0 flail (weapon)
Armour
 b - a +0 scale mail (worn)
 c - a +0 kite shield (worn)
Scrolls
 e - 2 scrolls of identify {unknown}
 f - a scroll of amnesia {unknown}
Potions
 d - a potion of might


   Skills:
 - Level 3.2 Fighting
 + Level 3.6 Maces & Flails
 - Level 3.2 Armour
 - Level 3.2 Shields


You had 2 spell levels left.
You didn't know any spells.
Your spell library was empty.

Dungeon Overview and Level Annotations

Branches:
Dungeon (2/15)

Altars:
Cheibriados
Makhleb
Sif Muna
Vehumet
Wu Jian
Xom
Zin
The Shining One

Annotations:
D:2 Natasha


Innate Abilities, Weirdness & Mutations

You are resistant to torment.
Your stone body is resilient. (AC +3)
You are immune to poison.
You resist negative energy. (rN+)
You are resistant to electric shocks. (rElec)
You can survive without breathing.
You are immune to petrification.
You are immune to rotting.


Message History

You now have 23 gold pieces (gained 11).
Found a snail-covered altar of Cheibriados and a burning altar of Makhleb.
Found a shimmering altar of Xom.
Found two altars.
Found a glowing silver altar of Zin.
Found a radiant altar of Vehumet.
Found a glowing golden altar of the Shining One.
Natasha, Servant of Life and Death comes into view.
You closely miss Natasha. Natasha claws you but does no damage.
Natasha stares at you and mumbles some strange words.
The magic dart hits you.
You closely miss Natasha.
Natasha casts a spell.
You closely miss Natasha.
Natasha mumbles some strange words.
You hit the shadow imp. Natasha claws you. The shadow imp closely misses you.
Natasha stares at you and mumbles some strange words.
The magic dart hits you.
You completely miss the shadow imp. The shadow imp hits you.
* * * LOW HITPOINT WARNING * * *
Natasha barely misses you.
The iron imp lashes its tail.
You closely miss Natasha. You block the shadow imp's attack.
Natasha claws you but does no damage.
The iron imp shouts, "Decamp, thou mewling moon-mazed pot-faker!"
Unknown command.
You hit Natasha. The shadow imp barely misses you. Natasha closely misses you.
The shadow imp gestures at you. Pain shoots through your body!
* * * LOW HITPOINT WARNING * * *
Natasha claws you but does no damage.
You hit Natasha. The shadow imp barely misses you.
The iron imp shouts, "Turn tail, thou pottle-deep half-faced mish-mash!"
Natasha mumbles some strange words.
Unknown command.
You barely miss Natasha.
The shadow imp hits you but does no damage.
Natasha claws you.
* * * LOW HITPOINT WARNING * * *
You block the crimson imp's attack.
Unknown command.
You miss Natasha. You block the shadow imp's attack.
Natasha wildly gestures.
Natasha glows brightly for a moment.
Natasha stares at you and mumbles some strange words.
You feel yourself slow down.
The crimson imp hits you but does no damage.
You hit Natasha. The shadow imp barely misses you. Natasha barely misses you.
The crimson imp blinks!
You block the shadow imp's attack. Natasha claws you.
You die...

..._#...#####
..###..†....#
..._#.....#.#
..###.....#.#
...##.....#.#
..8##.....#.###
..........#.#..
###########.#.######
#.#.#5@h5#
#.#.#§##.# #......#
# ###.#..# #.#..#
#.#..# #.#..# #.#..#
#.#..#


You could see an iron imp (summoned), Natasha and a shadow imp (summoned).

Vanquished Creatures
  Natasha (D:2)
  2 dart slugs (D:2)
  A giant cockroach (D:2)
  A hobgoblin (D:2)
  A kobold (D:2)
  4 rats
10 creatures vanquished.

Notes
Turn   | Place    | Note
-------+----------+-------------------------------------------
     0 | D:1      | MrTaco21 the Gargoyle Fighter began the quest for the Orb.
     0 | D:1      | Reached XP level 1. HP: 14/14 MP: 1/1
    43 | D:1      | You fall into a shaft and drop 1 floor!
    67 | D:2      | Reached XP level 2. HP: 16/19 MP: 2/2
   141 | D:2      | Noticed Natasha
   147 | D:2      | Killed Natasha
   147 | D:2      | Reached XP level 3. HP: 23/23 MP: 3/3
   206 | D:2      | Found a snail-covered altar of Cheibriados.
   206 | D:2      | Found a burning altar of Makhleb.
   211 | D:2      | Found a shimmering altar of Xom.
   212 | D:2      | Found a shimmering blue altar of Sif Muna.
   212 | D:2      | Found an ornate altar of the Wu Jian Council.
   213 | D:2      | Found a glowing silver altar of Zin.
   215 | D:2      | Found a radiant altar of Vehumet.
   216 | D:2      | Found a glowing golden altar of the Shining One.
   247 | D:2      | Noticed Natasha
   256 | D:2      | HP: 1/23 [Natasha (2)]
   258 | D:2      | Slain by Natasha

Illustrated notes

Levels and vault maps discovered:
D:1:      dpeg_arrival_pits, layout_basic, minmay_rat_gold_closets
D:2:      layout_basic, minitemple, uniq_terence, uniq_natasha

Skill      XL: |  1  2 |
---------------+-------+-----
Maces & Flails | 3 |  3.6
Fighting       | |  3.2
Armour         | |  3.2
Shields        | |  3.2

Action                   || total
-------------------------++-------
Melee: Flail             ||    41
Armor: Scale mail        ||    12
Dodge: Dodged            ||    13
Block: Kite shield       ||    19

Table legend: (Time is in decaauts)
 A = Elapsed time spent in this place.
 B = Non-inter-level travel time spent in this place.
 C = Inter-level travel time spent in this place.
 D = Time resting spent in this place.
 E = Time spent auto-exploring this place.
 F = Levels seen in this place.
 G = Mean time per level.
                   A        B        C        D        E       F      G
               +--------+--------+--------+--------+--------+-----+--------+
         Total |    270 |    270 |      0 |      0 |    184 |   2 |  135.0 |
       Dungeon |    270 |    270 |      0 |      0 |    184 |   2 |  135.0 |
               +--------+--------+--------+--------+--------+-----+--------+

Top non-repeatable levels by time:
     D:2: 226 daAuts
     D:1: 43 daAuts
